 Dungeon Crawl Stone Soup version 0.31-a0-331-geda263fcf1 (webtiles) character file.

Game seed: 18120095139682914322

120 LeprechaunX the Changeling (level 5, -1/36 HPs)
             Began as an Octopode Shapeshifter on July 19, 2023.
             Slain by Robin
             ... wielding the +3 hammer "Mytony" {flame, *Noise +Blink Str+4 Dex+9}
              (7 damage)
             ... on level 3 of the Dungeon.
             The game lasted 00:02:39 (1901 turns).

LeprechaunX the Changeling (Octopode Shapeshifter)  Turns: 1901, Time: 00:02:39

Health: -1/36      AC:  1    Str: 16    XL:     5   Next: 4%
Magic:  5/5        EV: 13    Int: 11    God:
Gold:   135        SH:  0    Dex: 12    Spells: 4/4 levels left

rFire   . .          .
                       - Unarmed
rCold   . . .        (no shield)
rNeg    . . .        (helmet currently unavailable)
rPois   .            (no amulet)
rElec   .            (no ring)
rCorr   .            (no ring)
SInv    .            (no ring)
Will    .....        (no ring)
Stlth   ++           (no ring)
HPRegen 0.26/turn    (no ring)
MPRegen 0.09/turn    (no ring)
                     (no ring)

%: no passive effects
@: beast-form
A: beast (slay +2), almost no armour, amphibious, 8 rings, camouflage 1,
gelatinous body 1, (nimble swimmer 1), tentacles
a: Begin Untransformation


You were on level 3 of the Dungeon.
You were a hulking beast.
You visited 1 branch of the dungeon, and saw 3 of its levels.

You collected 135 gold pieces.

Inventory:

Missiles
 c - 2 javelins (quivered)
 n - 6 datura-tipped darts
Talismans
 b - a beast talisman
 d - a serpent talisman
Scrolls
 e - 2 scrolls of enchant armour {unknown}
 f - a scroll of revelation {unknown}
 g - 3 scrolls of identify {unknown}
 i - a scroll of enchant weapon {unknown}
 l - a scroll of vulnerability {unknown}
 o - a scroll of torment {unknown}
 p - a scroll of teleportation {unknown}
 r - a scroll of amnesia {unknown}
 s - a scroll of brand weapon {unknown}
Potions
 a - a potion of lignification
 h - a potion of invisibility {unknown}
 j - a potion of cancellation {unknown}
 k - a potion of curing {unknown}
 m - a potion of might {unknown}
 q - a potion of enlightenment {unknown}


   Skills:
 + Level 2.8 Fighting
 + Level 2.7 Dodging
 + Level 2.9 Unarmed Combat
 * Level 3.9 Shapeshifting


You had 4 spell levels left.
You didn't know any spells.
Your spell library contained the following spells:

 Spells                   Type           Power      Damage    Failure   Level
 Dazzling Flash           Conj/Hex       0%         N/A       71%         3
 Agony                    Necr           0%         N/A       100%        5
 Silence                  Hex/Air        0%         N/A       100%        5


Dungeon Overview and Level Annotations

Branches:
Dungeon (3/15)

Altars:
Ashenzari

Annotations:
D:3 Robin, Sigmund


Innate Abilities, Weirdness & Mutations

You are a hulking beast.
Your limbs bulge with bestial killing power. (Slay +2)
You cannot wear most types of armour.
You are amphibious.
You can wear up to eight rings at the same time.
Your skin changes colour to match your surroundings (Stealth+).
Your rubbery body absorbs attacks. (AC +1, EV +1)
((You are camouflaged when in or above water. (Stealth+)))
You have tentacles for arms and can constrict up to eight enemies at once.


Message History

You tentacle-slap the orc.
You kill the orc!
The goblin hits you with a +0 club!
You closely miss the orc. You grab the orc. You squeeze the orc.
The orc is severely wounded.
You constrict the orc. The goblin completely misses you.
The orc hits you with a +0 flail.
You tentacle-slap the orc.
You kill the orc!
The goblin hits you with a +0 club.
You have reached level 5!
You feel clever.
You barely miss the goblin. You grab the goblin. You constrict the goblin.
The goblin no longer looks unusually strong.
The goblin hits you with a +0 club.
* * * LOW HITPOINT WARNING * * *
The orc barely misses you.
You tentacle-slap the goblin.
You kill the goblin!
The orc hits you with a +0 hammer.
* * * LOW HITPOINT WARNING * * *
You barely miss the orc. You grab the orc. You constrict the orc.
You tentacle-slap the orc.
The orc is severely wounded.
You constrict the orc.
You kill the orc!
You barely miss the hobgoblin. You grab the hobgoblin.
You constrict the hobgoblin.
Robin says, "Bow before me, strongest of all the hobgoblins!"
The hobgoblin hits you.
* * * LOW HITPOINT WARNING * * *
You tentacle-slap the hobgoblin. You squeeze the hobgoblin.
The hobgoblin is almost dead.
You constrict the hobgoblin.
You kill the hobgoblin!
You closely miss Robin. You grab Robin. You squeeze Robin!
Robin is heavily wounded.
You constrict Robin, but do no damage.
Robin hits you with the +3 hammer "Mytony" {flame, *Noise +Blink Str+4 Dex+9}!
You die...

#.# ♣♣ #.#
)♣ #)# ♣♣)♣
#)# ♣)..♣
#.# ♣....
#.# #....
#.#
#....#####.#
#..)..gh).#
##...######
#####


You could see Robin.

Vanquished Creatures
  An orc priest (D:3)
  2 adders
  A worm (D:3)
  2 dart slugs
  5 orcs (D:3)
  3 bats
  4 endoplasms
  4 giant cockroaches
  13 goblins
  8 hobgoblins
  A quokka (D:3)
  2 ball pythons (D:2)
  A frilled lizard (D:2)
  2 kobolds
  8 rats
57 creatures vanquished.

Notes
Turn   | Place    | Note
-------+----------+-------------------------------------------
     0 | D:1      | LeprechaunX the Octopode Shapeshifter began the quest for
                  | the Orb.
     0 | D:1      | Reached XP level 1. HP: 14/14 MP: 1/1
   212 | D:1      | Reached XP level 2. HP: 17/19 MP: 2/2
   638 | D:2      | Reached XP level 3. HP: 24/24 MP: 3/3
   695 | D:2      | Found a broken altar of Ashenzari.
  1158 | D:2      | Found a faded altar of an unknown god.
  1521 | D:3      | Reached XP level 4. HP: 29/30 MP: 4/4
  1545 | D:3      | Noticed Sigmund
  1545 | D:3      | Noticed Robin
  1881 | D:3      | Found the +6 shillelagh "Devastator" {shatter}
  1882 | D:3      | Identified the +3 hammer "Mytony" {flame, *Noise +Blink
                  | Str+4 Dex+9}
  1895 | D:3      | Reached XP level 5. HP: 13/36 MP: 5/5
  1901 | D:3      | Slain by Robin

Illustrated notes

Levels and vault maps discovered:
D:1:      ebering_hopf_link, layout_rooms, grunt_decor_cap
D:2:      layout_basic, shapermc_ecumenical_altar_mp_highgroup, basic_altar
D:3:      layout_basic, grunt_temple_overflow_gold_and_silver,
          grunt_temple_overflow_octagram, uniq_robin, uniq_sigmund,
          uniq_crazy_yiuf_cottage, uniq_terence

Action                     |  1- 3 |  4- 6 || total
---------------------------+-------+-------++-------
  Melee: Unarmed           |    59 |    46 ||   105
         Constrict         |    14 |    15 ||    29
         Tentacles         |    14 |     8 ||    22
         Punch             |     3 |       ||     3
  Throw: Javelin           |       |     1 ||     1
   Stab: Sleeping          |     9 |     1 ||    10
  Dodge: Dodged            |    27 |    26 ||    53

Table legend: (Time is in decaauts)
 A = Elapsed time spent in this place.
 B = Non-inter-level travel time spent in this place.
 C = Inter-level travel time spent in this place.
 D = Time resting spent in this place.
 E = Time spent auto-exploring this place.
 F = Levels seen in this place.
 G = Mean time per level.
                   A        B        C        D        E       F      G
               +--------+--------+--------+--------+--------+-----+--------+
         Total |   1895 |   1722 |    173 |     23 |   1340 |   3 |  631.7 |
       Dungeon |   1895 |   1722 |    173 |     23 |   1340 |   3 |  631.7 |
               +--------+--------+--------+--------+--------+-----+--------+

Top non-repeatable levels by time:
     D:2: 1082 daAuts
     D:1: 461 daAuts
     D:3: 352 daAuts
